 Dungeon Crawl Stone Soup version 0.29-a0-834-g1e95ca9f62 (webtiles) character file.

Game seed: 12931084046283638583

28 LynnLen the Sneak (level 2, -1/16 HPs)
             Began as a Vampire Enchanter on July 13, 2022.
             Slain by a gnoll
             ... wielding a +0 club
              (5 damage)
             ... on level 1 of the Dungeon.
             The game lasted 00:02:01 (1154 turns).

LynnLen the Sneak (Vampire Enchanter)               Turns: 1154, Time: 00:02:03

Health: -1/16      AC:  2    Str:  7    XL:     2   Next: 96%
Magic:  5/5        EV: 12    Int: 17    God:
Gold:   24         SH:  0    Dex: 14    Spells: 5/5 levels left

rFire   . . .      SeeInvis +   a - +1 dagger
rCold   + + .      Faith    .   (no shield)
rNeg    + + +      Spirit   .   b - +0 robe
rPois   ∞          Reflect  .   (no helmet)
rElec   .          Harm     .   (no cloak)
rCorr   .          Rampage  .   (no gloves)
Will    .....                   (no boots)
Stlth   +++++.....              (no amulet)
HPRegen 0.00/turn               (no ring)
MPRegen 0.09/turn               (no ring)

@: bloodless, inhibited regen, invisible
A: bloodless, fangs 3, see invisible, vampiric 1
a: Revivify


You were on level 1 of the Dungeon.
You visited 1 branch of the dungeon, and saw 1 of its levels.

You collected 24 gold pieces.

Inventory:

Hand Weapons
 a - a +1 dagger (weapon)
Missiles
 d - 17 stones (quivered)
Armour
 b - a +0 robe (worn)
Scrolls
 f - a scroll of noise {unknown}
 g - 3 scrolls of teleportation {unknown}
 k - a scroll of identify {unknown}
Potions
 c - a potion of invisibility
 e - a potion of magic {unknown}
 h - a potion of attraction {unknown}
 i - 2 potions of might {unknown}
 j - a potion of curing {unknown}


   Skills:
 * Level 1.0 Fighting
 * Level 2.0 Short Blades
 + Level 2.3 Dodging
 + Level 5.1 Stealth
 - Level 2.0 Spellcasting
 - Level 4.4 Hexes


You had 5 spell levels left.
You didn't know any spells.
Your spell library contained the following spells:

 Spells                   Type           Power      Damage    Failure   Level
 Confusing Touch          Hex            16%        N/A       10%         3
 Tukima's Dance           Hex            16%        N/A       10%         3
 Ensorcelled Hibernation  Hex/Ice        18%        N/A       12%         2
 Dazzling Flash           Conj/Hex       18%        N/A       24%         3


Dungeon Overview and Level Annotations

Branches:
Dungeon (1/15)

Altars:


Innate Abilities, Weirdness & Mutations

You do not regenerate when monsters are visible.
You are frail without blood (-20% HP).
You can heal yourself when you bite living creatures.
You are immune to poison.
You have razor-sharp teeth.
You have supernaturally acute eyesight. (SInv)
You are afflicted with vampirism.


Message History

The rat twitches its whiskers.
The rat closely misses you.
You closely miss the jackal. The jackal misses you.
The rat bites you but does no damage.
You miss the jackal. You bite the jackal.
You draw the jackal's blood!
You feel better.
The jackal is moderately wounded.
The jackal closely misses you.
The jackal bites you but does no damage.
The rat barely misses you.
You hit the gnoll.
The gnoll is lightly wounded.
You hit the gnoll but do no damage.
The gnoll is lightly wounded.
The rat twitches its whiskers.
The rat bites you but does no damage. The jackal barely misses you.
You strike the helpless jackal from behind!
You bite the jackal, and draw its blood!
You feel better.
You puncture the jackal!
You kill the jackal!
The rat barely misses you.
Your Short Blades skill increases to level 2!
The rat closely misses you. The rat closely misses you.
You hit the rat.
You kill the rat!
You barely miss the gnoll.
The gnoll is lightly wounded.
You hit the gnoll. You bite the gnoll.
You draw the gnoll's blood!
You feel better.
The gnoll is moderately wounded.
The gnoll hits you with a +0 club!
You hit the gnoll.
The gnoll is heavily wounded.
The gnoll hits you with a +0 club.
* * * LOW HITPOINT WARNING * * *
You hit the gnoll but do no damage.
The gnoll is heavily wounded.
The gnoll hits you with a +0 club.
You die...

#................#....
#.....######.....#....
#................)....
#......###.########.##
#......# ##'......####
#......# #........##.
#....).# #...##...##.
#.....### #..####..##.
#....@g.# #..####..##.
###.....# #...##...##.
#!..".# #...........
#.....# ##..........
#.....# ######..##.
#.!...# ######.<##.
#.....# ##..........
#.....# #...........
#.....# #...##...##.


You could see a gnoll (unable to see you).

Vanquished Creatures
  2 ball pythons (D:1)
  2 endoplasms (D:1)
  4 goblins (D:1)
  A hobgoblin (D:1)
  6 jackals (D:1)
  A quokka (D:1)
  3 frilled lizards (D:1)
  3 kobolds (D:1)
  2 rats (D:1)
24 creatures vanquished.

Notes
Turn   | Place    | Note
-------+----------+-------------------------------------------
     0 | D:1      | LynnLen the Vampire Enchanter began the quest for the Orb.
     0 | D:1      | Reached XP level 1. HP: 13/13 MP: 3/3
    56 | D:1      | Reached XP level 2. HP: 6/16 MP: 5/5
   467 | D:1      | Reached skill level 5 in Stealth
  1133 | D:1      | Reached skill level 1 in Fighting
  1154 | D:1      | Slain by a gnoll

Illustrated notes

Levels and vault maps discovered:
D:1:      minmay_arrival_four_loops, layout_basic

Skill      XL: |  1  2 |
---------------+-------+-----
Stealth        | 5 |  5.1
Fighting       | 1 |  1.0
Short Blades   | 2 |  2.0
Dodging        | |  2.3
Spellcasting   | |  2.0
Hexes          | |  4.4

Action                   || total
-------------------------++-------
Melee: Dagger            ||    59
       Bite              ||     9
       Punch             ||     1
 Abil: Exsanguinate      ||     1
  Use: Potion            ||     1
 Stab: Sleeping          ||     7
       Invisible         ||     1
Armor: Robe              ||    10
Dodge: Dodged            ||    37

Table legend: (Time is in decaauts)
 A = Elapsed time spent in this place.
 B = Non-inter-level travel time spent in this place.
 C = Inter-level travel time spent in this place.
 D = Time resting spent in this place.
 E = Time spent auto-exploring this place.
 F = Levels seen in this place.
 G = Mean time per level.
                   A        B        C        D        E       F      G
               +--------+--------+--------+--------+--------+-----+--------+
         Total |   1149 |   1149 |      0 |      0 |    778 |   1 | 1149.0 |
       Dungeon |   1149 |   1149 |      0 |      0 |    778 |   1 | 1149.0 |
               +--------+--------+--------+--------+--------+-----+--------+

Top non-repeatable levels by time:
     D:1: 1149 daAuts
